 Dungeon Sprint DCSS version 0.31-a0-1-g4198be8af4 (webtiles) character file.

Game seed: 1311159563109611766

2521 sircluck the Spry (level 9, -13/48 HPs)
             Began as a Felid Berserker on May 2, 2023.
             Was a High Priest of Trog.
             Mangled by a catoblepas (15 damage)
             ... while petrified by a catoblepas
             ... in the Dungeon (Sprint IX: "|||||||||||||||||||||||||||||").
             The game lasted 00:02:05 (375 turns).

sircluck the Spry (Felid Berserker)                  Turns: 375, Time: 00:02:06

Health: -13/48     AC:  4    Str: 15    XL:     9   Next: 29%
Magic:  10/10      EV:  4    Int:  9    God:    Trog [*****.]
Gold:   14         SH:  0    Dex: 17    Spells: 8/8 levels left
                                        Lives:  0   Deaths: 2

rFire   . .          .
                       - Unarmed
rCold   . . .        (shield unavailable)
rNeg    + + +        (body armour unavailable)
rPois   ∞            (helmet unavailable)
rElec   .            (cloak unavailable)
rCorr   .            (gloves unavailable)
SInv    +            (boots unavailable)
Will    +....        (no amulet)
Stlth   ++           i - +2 ring of protection
HPRegen 0.28/turn    (no ring)
MPRegen 0.12/turn

%: no teleportation
@: petrified, on berserk cooldown, slowed, quick
A: very small, claws 1, fangs 3, see invisible, speed 1, shaggy fur 2, stealthy
paws, no weapons or thrown items, no armour, multi-lived
a: Renounce Religion, Berserk, Trog's Hand, Brothers in Arms


You were in the Dungeon.
You worshipped Trog.
Trog was extremely pleased with you.
You visited 1 branch You collected 14 gold pieces.

Inventory:

Jewellery
 i - a +2 ring of protection (left paw)
 j - a +3 ring of intelligence
Wands
 h - a wand of iceblast (10)
Scrolls
 f - 2 scrolls of blinking
Potions
 a - 5 potions of curing
 b - 4 potions of heal wounds
 c - a potion of haste
 d - 4 potions of magic
 e - a potion of berserk rage
 g - a potion of invisibility


   Skills:
 + Level 11.0 Fighting
 + Level 16.2 Dodging
 + Level 2.8 Stealth
 + Level 15.3 Unarmed Combat


You had 8 spell levels left.
You didn't know any spells.
Your spell library was empty.

Dungeon Overview and Level Annotations

Branches:
Dungeon (1/1)

Altars:
Cheibriados
Dithmenos
Elyvilon
Fedhas
Gozag
Hepliaklqana
Kikubaaqudgha
Makhleb
Nemelex Xobeh
Okawaru
Qazlal
Ru
Sif Muna
Trog
Uskayaw
Vehumet
Wu Jian
Xom
Yredelemnul
Zin
The Shining One
Jiyva
Lugonu

Annotations:
D Gastronok


Innate Abilities, Weirdness & Mutations

You have sharp claws.
You have razor-sharp teeth.
You have supernaturally acute eyesight. (SInv)
You cover ground quickly. (Speed+)
You are covered in thick fur. (AC +2)
Your paws help you pounce on unaware monsters.
You are incapable of wielding weapons or throwing items.
You cannot wear armour.
You gain extra lives every three experience levels.


Message History

You mangle the death yak!! You claw the death yak!
The death yak is almost dead.
The catoblepas breathes a plume of calcifying dust at you.
The blast of calcifying dust hits the death yak but does no damage.
The blast of calcifying dust hits you!
A yak comes into view.
The death yak is engulfed in calcifying dust.
The death yak is moving more slowly.
The death yak gores you!
The yak bellows!
You mangle the death yak!!
You kill the death yak!
Trog accepts your kill.
You are engulfed in calcifying dust.
You are slowing down.
Your Fighting skill increases to level 11!
Your Dodging skill increases to level 16!
Your Unarmed Combat skill increases to level 15!
You have reached level 9!
Your experience leads to an increase in your attributes!
Increase (S)trength, (I)ntelligence, or (D)exterity?
You feel agile. x2
Unknown command.
You are engulfed in calcifying dust.
Your limbs have turned to stone.
The catoblepas gores you!
* * * LOW HITPOINT WARNING * * *
You have turned to stone.
You are engulfed in calcifying dust.
The catoblepas gores you!
* * * LOW HITPOINT WARNING * * *
You are engulfed in calcifying dust.
You are no longer berserk.
You feel yourself slow down. The catoblepas gores you.
You are engulfed in calcifying dust.
The catoblepas gores you but does no damage.
You are engulfed in calcifying dust.
The catoblepas gores you.
* * * LOW HITPOINT WARNING * * *
The catoblepas breathes a plume of calcifying dust at you.
The blast of calcifying dust hits you!
* * * LOW HITPOINT WARNING * * *
You are engulfed in calcifying dust.
The catoblepas gores you!!
You die...

▓▓▓▓▓▓▓▓▓▓▓▓▓▓▓▓▓▓▓▓▓▓▓▓▓▓▓▓▓▓▓▓▓
..............)..................
▓▓▓▓▓▓▓▓▓▓▓▓▓▓▓▓▓▓▓▓▓▓▓▓▓▓▓▓▓▓▓▓▓
...'..[[[[..§?§§@YYYYY..
▓▓▓▓▓▓▓▓▓▓▓▓▓▓▓▓▓▓▓▓▓▓▓▓▓
°°°.°○R.u†...............
▓▓▓▓▓▓▓▓▓▓▓▓▓▓▓▓▓▓▓▓▓▓▓▓▓▓▓▓▓▓▓▓▓
☼u.RCCQ.+.WYclY[..[[[.)?.'_______
▓▓▓▓▓▓▓▓▓▓▓▓▓▓▓▓▓▓▓▓▓▓▓▓▓▓▓▓▓▓▓▓▓


You could see a death yak, a catoblepas and 3 yaks.

Vanquished Creatures
  A hydra (D)
  Erica (D)
  2 death yaks (D)
  Psyche (D)
  A yak (D)
  An acid dragon (D)
  An ogre (D)
  A hound (D)
  An iguana (D)
  A ball python (D)
  An endoplasm (D)
  A hobgoblin (D)
  3 quokkas (D)
  A frilled lizard (D)
17 creatures vanquished.

Notes
Turn   | Place    | Note
-------+----------+-------------------------------------------
     0 | D        | sircluck the Felid Berserker began the quest for the Orb.
     0 | D        | Reached XP level 1. HP: 10/10 MP: 2/2
    10 | D        | Reached ** piety under Trog
    19 | D        | Noticed an ogre
    19 | D        | Noticed a hound
    19 | D        | Noticed an iguana
    39 | D        | Reached *** piety under Trog
    40 | D        | Reached skill level 5 in Dodging
    40 | D        | Reached XP level 2. HP: 8/15 MP: 3/3
    42 | D        | Reached skill level 6 in Dodging
    42 | D        | Reached XP level 3. HP: 11/18 MP: 4/4
    45 | D        | Reached skill level 5 in Fighting
    45 | D        | Reached skill level 5 in Unarmed Combat
    46 | D        | Killed an ogre
    47 | D        | Reached skill level 8 in Dodging
    47 | D        | Reached XP level 4. HP: 15/24 MP: 5/5
    47 | D        | Reached XP level 5. HP: 17/27 MP: 6/6
   110 | D        | Found a snail-covered altar of Cheibriados.
   110 | D        | Found a shadowy altar of Dithmenos.
   110 | D        | Found a white marble altar of Elyvilon.
   110 | D        | Found a blossoming altar of Fedhas.
   110 | D        | Found an opulent altar of Gozag.
   111 | D        | Found a hazy altar of Hepliaklqana.
   112 | D        | Found a viscous altar of Jiyva.
   113 | D        | Found an ancient bone altar of Kikubaaqudgha.
   114 | D        | Found a corrupted altar of Lugonu.
   115 | D        | Found a burning altar of Makhleb.
   116 | D        | Found a sparkling altar of Nemelex Xobeh.
   117 | D        | Found an iron altar of Okawaru.
   118 | D        | Found a stormy altar of Qazlal.
   119 | D        | Found a sacrificial altar of Ru.
   120 | D        | Found a shimmering blue altar of Sif Muna.
   121 | D        | Found a bloodstained altar of Trog.
   122 | D        | Found a hide-covered altar of Uskayaw.
   123 | D        | Found a radiant altar of Vehumet.
   124 | D        | Found an ornate altar of the Wu Jian Council.
   125 | D        | Found a shimmering altar of Xom.
   126 | D        | Found a basalt altar of Yredelemnul.
   127 | D        | Found a glowing silver altar of Zin.
   128 | D        | Found a glowing golden altar of the Shining One.
   136 | D        | Found the +13 scythe of Curses {drain, curses, Drain}
   155 | D        | Noticed a wraith
   155 | D        | Noticed a yak
   155 | D        | Noticed a centaur
   155 | D        | Noticed a wyvern
   155 | D        | Noticed a yak
   155 | D        | Noticed an acid dragon
   159 | D        | Killed an acid dragon
   160 | D        | Reached skill level 9 in Dodging
   160 | D        | Slain by a yak
   161 | D        | Reached XP level 4. HP: -2/37 MP: 5/5
   182 | D        | Noticed a four-headed hydra
   182 | D        | Noticed a green ugly thing
   182 | D        | Noticed an efreet
   182 | D        | Noticed a cyclops
   182 | D        | Noticed a cyclops
   182 | D        | Noticed a tengu warrior
   188 | D        | Killed a four-headed hydra
   188 | D        | Reached **** piety under Trog
   189 | D        | Reached skill level 13 in Dodging
   189 | D        | Reached XP level 5. HP: 9/31 MP: 6/6
   189 | D        | Gained mutation: You are covered in thick fur. (AC +2)
                  | [Felid growth]
   189 | D        | Reached XP level 6. HP: 10/34 MP: 7/7
   189 | D        | Reached XP level 7. HP: 12/38 MP: 8/8
   199 | D        | Succumbed to a green ugly thing's poison
   200 | D        | Reached XP level 6. HP: -6/34 MP: 7/7
   219 | D        | Noticed Psyche
   222 | D        | Noticed Erica
   230 | D        | Killed Psyche
   231 | D        | Reached XP level 7. HP: 38/38 MP: 8/8
   238 | D        | Killed Erica
   238 | D        | Reached ***** piety under Trog
   239 | D        | Reached skill level 10 in Fighting
   239 | D        | Reached skill level 14 in Dodging
   239 | D        | Reached skill level 1 in Stealth
   239 | D        | Reached XP level 8. HP: 43/43 MP: 9/9
   280 | D        | Noticed Gastronok
   345 | D        | Noticed a death yak
   349 | D        | Noticed a death yak
   352 | D        | Noticed a catoblepas
   353 | D        | Killed a death yak
   354 | D        | Reached skill level 15 in Dodging
   361 | D        | Noticed a death yak
   368 | D        | Killed a death yak
   369 | D        | Reached skill level 16 in Dodging
   369 | D        | Reached skill level 15 in Unarmed Combat
   369 | D        | Reached XP level 9. HP: 24/48 MP: 10/10
   374 | D        | HP: 2/48 [catoblepas/blast of calcifying dust (4)]
   375 | D        | Mangled by a catoblepas

Illustrated notes

Levels and vault maps discovered:
D:        linesprint [early_d, line_temple, items_1, d_10, items_2, lair_1,
          lair_end, items_3, orc_1, orc_end, items_4, d_15, swamp_1, shoals_1,
          snake_1, spider_1, d_20, vaults_1, items_5, swamp_end, shoals_end,
          snake_end, spider_end, vaults_end, d_27, items_6, zot_1, zot_end,
          crypt_end, forest_end, elf_end, slime_end, tomb_end, abyss_end,
          pan_hell_end]

Skill      XL: |  1  2  3  4  5  6  7  8 |
---------------+-------------------------+-----
Dodging        | 5 6 8 13 9 14 16 | 16.2
Fighting       | 4 6 9 7 10 11 | 11.0
Unarmed Combat | 4 7 11 8 12 13 15 | 15.3
Stealth        | 1 2 |  2.8

Action                     |  1- 3 |  4- 6 |  7- 9 || total
---------------------------+-------+-------+-------++-------
  Melee: Unarmed           |    25 |    15 |    24 ||    64
         Bite              |     5 |       |       ||     5
         Punch             |     1 |       |     2 ||     3
 Invoke: Berserk           |     1 |     3 |     1 ||     5
   Stab: Confused          |       |       |     1 ||     1
 Armour: Skin              |       |     2 |     1 ||     3
  Dodge: Dodged            |    15 |    15 |     5 ||    35

Table legend: (Time is in decaauts)
 A = Elapsed time spent in this place.
 B = Non-inter-level travel time spent in this place.
 C = Inter-level travel time spent in this place.
 D = Time resting spent in this place.
 E = Time spent auto-exploring this place.
 F = Levels seen in this place.
 G = Mean time per level.
                   A        B        C        D        E       F      G
               +--------+--------+--------+--------+--------+-----+--------+
         Total |    326 |    311 |     15 |     62 |     22 |   1 |  326.0 |
       Dungeon |    326 |    311 |     15 |     62 |     22 |   1 |  326.0 |
               +--------+--------+--------+--------+--------+-----+--------+

Top non-repeatable levels by time:
       D: 326 daAuts
